 Dungeon Crawl Stone Soup version 0.26-a0-663-g36e8fdb655 (webtiles) character file.

Game seed: 7118985770966776105

335 jasper the Stinger (level 6, -6/24 HPs)
             Began as a Felid Venom Mage on Oct 11, 2020.
             Killed by divine providence
             ... invoked by an orc priest
              (13 damage)
             ... on level 5 of the Dungeon.
             The game lasted 00:10:18 (6064 turns).

jasper the Stinger (Felid Venom Mage)               Turns: 6064, Time: 00:10:18

Health: -6/24      AC:  2    Str:  4    XL:     6   Next: 28%
Magic:  0/12       EV: 18    Int: 18    God:
Gold:   261        SH:  0    Dex: 17    Spells: 2/11 levels left
                                        Lives:  0   Deaths: 1

rFire    . . .     SeeInvis +   (weapon unavailable)
rCold    . . .     Faith    .   (shield unavailable)
rNeg     . . .     Spirit   .   (armour unavailable)
rPois    .         Reflect  .   (helmet unavailable)
rElec    .         Harm     .   (cloak unavailable)
rCorr    .         Rampage  .   (gloves unavailable)
MR       .....                  (boots unavailable)
Stlth    +++.......             (no amulet)
HPRegen  0.08/turn              s - ring of wizardry
MPRegen  0.13/turn              (no ring)

@: quick
A: very small, no armour, no weapons or thrown items, stealth, claws 1, fangs 3,
see invisible, speed 1, shaggy fur 2, sharp paws
a: no special abilities


You were on level 5 of the Dungeon.
You visited 1 branch of the dungeon, and saw 5 of its levels.

You collected 261 gold pieces.

Inventory:

Missiles
 a - 177 stones
 i - 11 poisoned darts
Jewellery
 s - a ring of wizardry (left paw)
 v - an uncursed amulet of guardian spirit {unknown}
Wands
 u - a wand of paralysis (9)
Scrolls
 c - a scroll of random uselessness {unknown}
 e - 2 scrolls of enchant weapon {unknown}
 f - 3 scrolls of enchant armour {unknown}
 g - 3 scrolls of remove curse {unknown}
 h - a scroll of amnesia {unknown}
 k - 5 scrolls of identify {unknown}
 n - 2 scrolls of magic mapping {unknown}
 o - 2 scrolls of teleportation {unknown}
 p - a scroll of fog {unknown}
 r - 2 scrolls of noise {unknown}
 t - a scroll of fear {unknown}
Potions
 b - a potion of berserk rage {unknown}
 d - a potion of flight {unknown}
 j - 3 potions of mutation {unknown}
 l - 2 potions of heal wounds {unknown}
 m - a potion of brilliance {unknown}
 q - a potion of degeneration {unknown}


   Skills:
 - Level 2.6 Dodging
 - Level 2.6 Stealth
 + Level 3.4 Spellcasting
 + Level 2.6 Conjurations
 - Level 1.1 Transmutations
 + Level 2.5 Air Magic
 - Level 5.1 Poison Magic


You had 2 spell levels left.
You knew the following spells:

 Your Spells              Type           Power        Failure   Level
a - Sting                 Tmut/Pois      ##..         1%          1
b - Poisonous Vapours     Pois/Air       ###...       1%          2
c - Mephitic Cloud        Conj/Pois/Air  ###.....     4%          3
d - Ignite Poison         Fire/Tmut/Pois ##......     9%          3

Your spell library contained the following spells:

 Spells                   Type           Power        Failure   Level
 Olgreb's Toxic Radiance  Pois           ###.....     8%          4


Dungeon Overview and Level Annotations

Branches:
Dungeon (5/15)
 Temple: D:4-7

Altars:
Xom
Zin

Annotations:
D:4 exclusion: skeleton


Innate Abilities, Weirdness & Mutations

You cannot wear armour.
You are incapable of wielding weapons or throwing items.
Your paws allow you to move quietly. (Stealth)
You have sharp claws.
You have razor-sharp teeth.
You have supernaturally acute eyesight. (SInv)
You cover ground quickly.
You are covered in thick fur. (AC +2)
Your sharp claws are effective at attacking unaware monsters.


Message History

The orc priest is heavily wounded.
The orc priest completely misses you.
You now have 0/12 mp.
You barely miss the orc priest.
The orc priest is heavily wounded.
The orc priest barely misses you.
Casting: Sting (safe; 1% risk of failure)
Confirm with . or Enter, or press ? or * to list all spells.
You don't have enough magic to cast that spell.
Unknown command.
Casting: Sting (safe; 1% risk of failure)
Confirm with . or Enter, or press ? or * to list all spells.
Aiming: Sting (safe; 1% risk of failure)
Press: ? - help, Shift-Dir - straight line, f/p - orc priest
Aim: an orc priest, wielding a +0 club and wearing the +3 leather armour of Resilience {rC+ Dex+4 Slay-5 SInv} (severely wounded, extremely poisoned)
The sting misses the orc priest.
The orc priest calls down the wrath of Beogh upon you.
Beogh smites you!
Ouch! That really hurt!
You die...

.# #.##
######...#)..
#()....$K..).
#)####...#.##
#.# #.## #.#
.[# #(# .# #@#
###.### #o#
#.....# ##
#†####.#.#.##
#.
#(.(.........o
#.
######.#.#.###
#. #..... # #.
###.######.#<
..........
#.......#


You could see an orc priest (extremely poisoned).

Vanquished Creatures
  A big kobold (D:5)
  A scorpion (D:4)
  A howler monkey (D:4)
  3 orc priests
  An orc wizard (D:5)
  A worker ant (D:4)
  Natasha (twice) (D:2)
  2 adders
  2 white imps (D:5)
  2 oozes (D:2)
  4 worms
  A dart slug (D:1)
  3 leopard geckos
  19 orcs
  7 bats
  6 giant cockroaches
  2 hobgoblins
  10 jackals
  2 quokkas
  A ball python (D:2)
  5 frilled lizards
  9 goblins
  7 kobolds
  12 rats
104 creatures vanquished.

Vanquished Creatures (others)
  A fungus (D:1)
  3 plants (D:4)
4 creatures vanquished.

Grand Total: 108 creatures vanquished

Notes
Turn   | Place    | Note
-------+----------+-------------------------------------------
     0 | D:1      | jasper the Felid Venom Mage began the quest for the Orb.
     0 | D:1      | Reached XP level 1. HP: 7/7 MP: 4/4
   144 | D:1      | Reached skill level 3 in Poison Magic
   288 | D:1      | Reached XP level 2. HP: 11/11 MP: 1/6
   292 | D:1      | Learned a level 2 spell: Poisonous Vapours
  1548 | D:2      | Reached XP level 3. HP: 14/14 MP: 2/7
  1553 | D:2      | Learned a level 3 spell: Mephitic Cloud
  2061 | D:2      | Reached skill level 4 in Poison Magic
  2996 | D:2      | Reached XP level 4. HP: 18/18 MP: 5/8
  3060 | D:2      | Noticed Natasha
  3074 | D:2      | Killed Natasha
  3479 | D:2      | Noticed Natasha
  3486 | D:2      | Killed Natasha
  3486 | D:2      | Reached skill level 5 in Poison Magic
  3769 | D:3      | Reached XP level 5. HP: 21/21 MP: 3/9
  4385 | D:3      | Reached skill level 1 in Conjurations
  4490 | D:3      | Reached skill level 1 in Air Magic
  4808 | D:4      | Learned a level 3 spell: Ignite Poison
  4845 | D:4      | Gained mutation: You are covered in thick fur. (AC +2)
                  | [Felid growth]
  4845 | D:4      | Reached XP level 6. HP: 24/24 MP: 2/11
  5200 | D:4      | Found a glowing silver altar of Zin.
  5202 | D:4      | Noticed an angel
  5206 | D:4      | Found a shimmering altar of Xom.
  5781 | D:5      | Entered Level 5 of the Dungeon
  5827 | D:5      | Killed from afar by a white imp
  5828 | D:5      | Reached XP level 5. HP: -6/21 MP: 5/10
  6001 | D:5      | Reached XP level 6. HP: 13/24 MP: 1/12
  6056 | D:5      | Identified the +3 leather armour of Resilience {rC+ Dex+4
                  | Slay-5 SInv}
  6064 | D:5      | Killed from afar by an orc priest

Illustrated notes

Levels and vault maps discovered:
D:1:      dpeg_arrival_prison, layout_basic
D:2:      layout_basic, minmay_misc_feat_enclosed, uniq_natasha
D:3:      layout_rooms, minmay_misc_feat_chi
D:4:      layout_basic, grunt_temple_overflow_order_and_chaos_1,
          corner_web_ring, st_stairs_1, serial_bayou_pond_b,
          corexii_item_surrounded_by_moat, grunt_decor_mini_mirrors,
          corexii_checkpoint_b
D:5:      layout_loops_ring, lemuel_round_altar

Skill      XL: |  1  2  3  4  5  6 |
---------------+-------------------+-----
Poison Magic   | 3 4 5 |  5.1
Conjurations   | 1 2 |  2.6
Air Magic      | 1 2 |  2.5
Spellcasting   | 3 |  3.4
Dodging        | |  2.6
Stealth        | |  2.6
Transmutations | |  1.1

Action                   |  1- 3 |  4- 6 || total
-------------------------+-------+-------++-------
Melee: Unarmed           |    29 |    25 ||    54
       Bite              |     2 |     3 ||     5
 Cast: Sting             |    20 |    31 ||    51
       Poisonous Vapours |    42 |    78 ||   120
 Stab: Sleeping          |       |     1 ||     1
Armor: Skin              |     4 |     3 ||     7
Dodge: Dodged            |    31 |    39 ||    70

Table legend: (Time is in decaauts)
 A = Elapsed time spent in this place.
 B = Non-inter-level travel time spent in this place.
 C = Inter-level travel time spent in this place.
 D = Time resting spent in this place.
 E = Time spent auto-exploring this place.
 F = Levels seen in this place.
 G = Mean time per level.
                   A        B        C        D        E       F      G
               +--------+--------+--------+--------+--------+-----+--------+
         Total |   5536 |   5435 |    101 |   1288 |   3427 |   5 | 1107.2 |
       Dungeon |   5536 |   5435 |    101 |   1288 |   3427 |   5 | 1107.2 |
               +--------+--------+--------+--------+--------+-----+--------+

Top non-repeatable levels by time:
     D:2: 1927 daAuts
     D:1: 1372 daAuts
     D:3: 1028 daAuts
     D:4: 940 daAuts
     D:5: 267 daAuts
